 Dungeon Crawl Stone Soup version 0.23.2-11-gf996548c65 (webtiles) character file.

Game seed: 8757832042615374967

58 goduck the Insei (level 4, -3/28 HPs)
             Began as an Octopode Transmuter on June 3, 2019.
             Slain by a gnoll
             ... wielding a +0 spear
              (8 damage)
             ... on level 2 of the Dungeon.
             The game lasted 00:03:20 (1750 turns).

goduck the Insei (Octopode Transmuter)              Turns: 1750, Time: 00:03:20

Health: -3/28      AC:  2    Str:  9    XL:     4   Next: 2%
Magic:  3/7        EV: 20    Int: 15    God:
Gold:   28         SH:  0    Dex: 18    Spells: 1/7 levels left

rFire    . . .     SeeInvis .     - Unarmed
rCold    . . .     Gourm    .   (shield currently unavailable)
rNeg     . . .     Faith    .   (helmet currently unavailable)
rPois    x         Spirit   .   (no amulet)
rElec    .         Reflect  .   (no ring)
rCorr    .         Harm     .   (no ring)
MR       .....                  (no ring)
Stlth    ++........             (no ring)
HPRegen  0.09/turn              (no ring)
MPRegen  0.10/turn              (no ring)
                                (no ring)
                                (no ring)

@: spider-form (expiring)
A: tiny, almost no armour, stealthy swim, (amphibious), 8 rings, (constrict 8)
a: End Transformation


You were on level 2 of the Dungeon.
You were not hungry.
You were a venomous arachnid creature.
You visited 1 branch of the dungeon, and saw 2 of its levels.

You collected 28 gold pieces.

Inventory:

Missiles
 a - 50 arrows
Scrolls
 b - a scroll of identify {unknown}
 f - 3 scrolls of teleportation {unknown}
 g - 3 scrolls of enchant weapon {unknown}
Potions
 d - a potion of resistance {unknown}
 e - a potion of heal wounds {unknown}
 h - a potion of cancellation {unknown}
 i - a potion of haste {unknown}
 j - a potion of curing {unknown}
 k - a potion of agility {unknown}
Comestibles
 c - 2 rations
 l - a chunk of flesh


   Skills:
 + Level 1.0 Fighting
 + Level 2.3 Dodging
 + Level 0.7 Stealth
 + Level 3.8 Unarmed Combat
 + Level 2.3 Spellcasting
 + Level 2.4 Transmutations
 * Level 0.8 Poison Magic


You had one spell level left.
You knew the following spells:

 Your Spells              Type           Power        Failure   Level  Hunger
a - Beastly Appendage     Tmut           #.....       21%         1    #......
b - Sticks to Snakes      Tmut           #.......     28%         2    ###....
c - Spider Form           Tmut/Pois      #.........   54%         3    ###....

Your spell library contained the following spells:

 Spells                   Type           Power        Failure   Level  Hunger
 Ice Form                 Ice/Tmut       #.......     91%         4    #####..
 Blade Hands              Tmut           #.........   98%         5    ######.


Dungeon Overview and Level Annotations

Branches:
Dungeon (2/15)

Altars:

Annotations:
D:1 exclusion: downstairs


Innate Abilities, Weirdness & Mutations

You cannot wear most types of armour.
You are very stealthy in the water. (Stealth+)
((You are amphibious.))
You can wear up to eight rings at the same time.
((You can use your tentacles to constrict eight enemies at once.))
((Your skin changes colour to match your surroundings (Stealth+).))
((Your rubbery body absorbs attacks. (AC +1, EV +1)))


Message History

Your transformation is almost over.
The gnoll closely misses you.
You hit the gnoll.
The gnoll is poisoned.
The gnoll is moderately wounded.
You hit the gnoll.
The gnoll looks as sick as possible!
The gnoll is moderately wounded.
The gnoll misses you. The gnoll closely misses you.
You hit the gnoll.
The gnoll looks as sick as possible!
The gnoll is severely wounded.
The gnoll closely misses you.
The gnoll hits you from afar with a +0 spear.
You hit the gnoll.
You kill the gnoll!
You have reached level 4!
The gnoll hits you from afar with a +0 spear.
* * * LOW HITPOINT WARNING * * *
The gnoll hits you from afar with a +0 spear.
* * * LOW HITPOINT WARNING * * *
The gnoll hits you with a +0 spear!
You die...

#...# #.....# .
##..### #.....# # #
#..#...# #.....# #g##
#.###..# #.....# #...
##.#
##.###.....#.##### #.#
##.########...... ##.#
##.## ###########
#.###..# .......<.##
#..#gs.####.#######.##
##g###)......# #.##
#...##..###...#.##g##
#...gg..# #.....
#...##..# #.##.##
######......... #.#
#.###.#.## #.# #.. ..
..# ### ## ###


You could see 2 gnolls.

Vanquished Creatures
  2 gnolls
  An adder (D:2)
  3 bats
  5 giant cockroaches
  5 goblins
  3 hobgoblins
  4 jackals
  3 frilled lizards
  A kobold (D:1)
  A rat (D:1)
28 creatures vanquished.

Vanquished Creatures (others)
  4 toadstools (D:1)
4 creatures vanquished.

Grand Total: 32 creatures vanquished

Notes
Turn   | Place    | Note
-------+----------+-------------------------------------------
     0 | D:1      | goduck the Octopode Transmuter began the quest for the Orb.
     0 | D:1      | Reached XP level 1. HP: 13/13 MP: 3/3
   255 | D:1      | Reached XP level 2. HP: 18/18 MP: 5/5
   259 | D:1      | Learned a level 2 spell: Sticks to Snakes
  1120 | D:1      | Reached XP level 3. HP: 11/23 MP: 4/6
  1288 | D:1      | Learned a level 3 spell: Spider Form
  1749 | D:2      | Reached XP level 4. HP: 12/28 MP: 3/7
  1750 | D:2      | Slain by a gnoll

Action                   |  1- 3 |  4- 6 || total
-------------------------+-------+-------++-------
Melee: Unarmed           |    64 |       ||    64
       Tentacles         |    12 |       ||    12
       Constrict         |    13 |       ||    13
       Kick              |    10 |       ||    10
       Punch             |     2 |       ||     2
 Cast: Beastly Appendage |     8 |       ||     8
       Spider Form       |     1 |       ||     1
 Stab: Sleeping          |     2 |       ||     2
  Eat: Chunk             |     3 |       ||     3
Armor: Skin              |     7 |       ||     7
Dodge: Dodged            |    46 |       ||    46
